 Dungeon Crawl Stone Soup version 0.28-a0-612-gcfc00ec14d (webtiles) character file.

Game seed: 6332113765138731507

3698 Irenicus the Geomancer (level 9, -3/70 HPs)
             Began as a Deep Dwarf Earth Elementalist on Oct 5, 2021.
             Was a Follower of Makhleb.
             Slain by an orc warrior (13 damage)
             ... on level 9 of the Dungeon.
             The game lasted 00:42:28 (4394 turns).

Irenicus the Geomancer (DDEE)                       Turns: 4394, Time: 00:42:28

Health: -3/70      AC:  7    Str: 13    XL:     9   Next: 91%
Magic:  15/20      EV: 13    Int: 18    God:    Makhleb [*.....]
Gold:   176        SH:  0    Dex: 13    Spells: 17/23 levels left

rFire   . . .      SeeInvis +   i - +4 long sword of Midsummer {holy, rCorr}
rCold   . . .      Faith    .   (no shield)
rNeg    . . .      Spirit   .   A - +0 steam dragon scales
rPois   +          Reflect  .   (no helmet)
rElec   .          Harm     .   q - +0 cloak {rPois}
rCorr   +          Rampage  .   (no gloves)
Will    +....                   g - +0 pair of boots
Stlth   ++........              (no amulet)
HPRegen 0.00/turn               v - ring of see invisible
MPRegen 0.17/turn               (no ring)

@: about to teleport
A: damage resistance, heal wounds, sense surroundings 2, no regeneration
a: Heal Wounds, Renounce Religion


You were on level 9 of the Dungeon.
You worshipped Makhleb.
Makhleb was aware of your devotion.
You visited 2 branches of the dungeon, and saw 10 of its levels.

You collected 460 gold pieces.
You spent 284 gold pieces at shops.


Innate Abilities, Weirdness & Mutations

You are resistant to damage.
You can heal yourself by infusing magical energy.
You passively map the area around you.
You do not regenerate.


   Skills:
 - Level 1.0 Fighting
 + Level 2.0 Armour
 + Level 3.1 Dodging
 - Level 2.4 Stealth
 - Level 7.5 Spellcasting
 - Level 2.1 Transmutations
 - Level 14.0 Earth Magic


You had 17 spell levels left.
You knew the following spells:

 Your Spells              Type           Power      Damage    Failure   Level
t - Stone Arrow           Conj/Erth      64%        3d11      1%          3
w - Passwall              Tmut/Erth      29%        N/A       1%          2
z - Sandblast             Erth           100%       2d20      1%          1

Your spell library contained the following spells:

 Spells                   Type           Power      Damage    Failure   Level
 Petrify                  Tmut/Erth      35%        N/A       3%          4
 Magic Dart               Conj           24%        1d4       11%         1
 Blink                    Tloc           N/A        N/A       16%         2
 Call Imp                 Summ           6%         N/A       16%         2
 Ensorcelled Hibernation  Hex/Ice        12%        N/A       16%         2
 Static Discharge         Conj/Air       6%         N/A       16%         2
 Mephitic Cloud           Conj/Pois/Air  6%         N/A       30%         3
 Tukima's Dance           Hex            6%         N/A       30%         3
 Dispel Undead            Necr           6%         3d8       71%         4
 Sticky Flame             Conj/Fire      6%         2d3       71%         4
 Manifold Assault         Tloc           6%         N/A       96%         5
 Storm Form               Tmut/Air       5%         N/A       100%        7

Inventory:

Hand Weapons
 d - a +1 dagger of venom
 i - the +4 long sword of Midsummer (weapon) {holy, rCorr}
   (You found it on level 7 of the Dungeon)

   It has been blessed by the Shining One to cause great damage to the undead
   and demons.
   rCorr:     It protects you from acid and corrosion.
 r - a +3 dagger of freezing
 s - the +1 flail of the End of Times {holy, Dex+3 SInv}
   (You found it on level 6 of the Dungeon)

   It has been blessed by the Shining One to cause great damage to the undead
   and demons.
   Dex:       It affects your dexterity (+3).
   SInv:      It lets you see invisible.
Missiles
 a - a throwing net {=f}
 c - 134 stones
 o - 55 poisoned darts
 w - a curare-tipped dart {=f}
Armour
 g - a +0 pair of boots (worn)
 q - a +0 cloak of poison resistance (worn)
 t - a +0 leather armour of fire resistance
 u - a +2 leather armour of cold resistance
 A - +0 steam dragon scales (worn)
Jewellery
 v - a ring of see invisible (left hand)
Wands
 D - a wand of flame (14)
Scrolls
 b - a scroll of brand weapon
 h - 2 scrolls of blinking
 m - 2 scrolls of teleportation {@r2}
 n - 4 scrolls of identify {@r1}
 p - a scroll of immolation
 y - a scroll of magic mapping
 z - a scroll of fog
Potions
 e - a potion of magic
 f - a potion of lignification
 j - 2 potions of curing {@q1}
 k - a potion of brilliance
 l - a potion of resistance
 x - a potion of cancellation
 B - a potion of heal wounds {@q2}
 C - a potion of mutation

Dungeon Overview and Level Annotations

Branches:
Dungeon (9/15)             Temple (1/1) D:6
   Lair: D:8-11         Orc: D:9-12

Altars:
Ashenzari
Cheibriados
Dithmenos
Elyvilon
Fedhas
Hepliaklqana
Kikubaaqudgha
Makhleb
Nemelex Xobeh
Okawaru
Qazlal
Ru
Sif Muna
Uskayaw
Vehumet
Wu Jian

Shops:
D:5 [![   D:8 !

Annotations:
D:5 merchant, trove
D:9 Maggie

o..............,,,,*
*,
,,................ *
,
................,,,
, , .............. *
, , ............. ,
,, *, , #...........
, , , #........... ,
,#........... , * ,
+..o@....... ,
,#........:.., *
,#...........,
,#........... ,* * *
#y.......... ,+ , ,
............ , *, *,
,............. , , ,
##............, , *
, , ,,


You could see a hornet and an orc warrior.


Message History

Confirm with . or Enter, or press ? or * to list all spells.
Aiming: Stone Arrow (safe; 1% risk of failure)
Press: ? - help, Shift-Dir - straight line, f - orc warrior
Aim: an orc warrior, wielding a +0 short sword and wearing a +0 plate armour (wandering, hasn't noticed you, 74% to hit)
The stone arrow hits the orc warrior!
The orc warrior is moderately wounded.
The orc warrior shouts!
Casting: Stone Arrow (safe; 1% risk of failure)
Confirm with . or Enter, or press ? or * to list all spells.
Aiming: Sandblast (safe; 1% risk of failure)
Press: ? - help, Shift-Dir - straight line, f/p - orc warrior
Aim: an orc warrior, wielding a +0 short sword and wearing a +0 plate armour (moderately wounded, 84% to hit)
The blast of sand hits the orc warrior but does no damage.
The orc warrior is moderately wounded.
An orc priest comes into view. It is wielding a +0 hand axe.
A hornet comes into view.
The hornet buzzes angrily.
Casting: Sandblast (safe; 1% risk of failure)
Confirm with . or Enter, or press ? or * to list all spells.
Aiming: Sandblast (safe; 1% risk of failure)
Press: ? - help, Shift-Dir - straight line, f/p - orc warrior
Aim: an orc warrior, wielding a +0 short sword and wearing a +0 plate armour (moderately wounded, 84% to hit)
The blast of sand hits the orc warrior but does no damage.
The orc warrior is moderately wounded.
The orc warrior misses you.
Okay, then.
As you read the scroll of teleportation {@r2}, it crumbles to dust.
You feel strangely unstable.
The orc warrior hits you with a +0 short sword!
You die...

Skill      XL: |  1  2  3  4  5  6  7  8  9 |
---------------+----------------------------+-----
Earth Magic    | 5 6 7 8 10 12 14 | 14.0
Spellcasting   | 2 4 7 |  7.5
Fighting       | 1 |  1.0
Transmutations | 2 |  2.1
Armour         | 2 |  2.0
Dodging        | 3 |  3.1
Stealth        | |  2.4

Action                   |  1- 3 |  4- 6 |  7- 9 || total
-------------------------+-------+-------+-------++-------
Melee: Dagger            |    29 |    14 |    11 ||    54
       Long sword        |       |       |    10 ||    10
Throw: Dart              |       |       |     1 ||     1
 Cast: Sandblast         |    39 |    61 |   134 ||   234
       Passwall          |     3 |     5 |    48 ||    56
       Stone Arrow       |       |       |     9 ||     9
 Abil: Heal Wounds       |       |       |     3 ||     3
Evoke: Wand              |       |       |     8 ||     8
  Use: Potion            |       |     2 |     2 ||     4
       Scroll            |       |     8 |     8 ||    16
 Stab: Sleeping          |     9 |     3 |     1 ||    13
Armor: Robe              |     2 |       |       ||     2
       Leather armour    |     2 |     7 |    29 ||    38
Dodge: Dodged            |    16 |    19 |    50 ||    85

Levels and vault maps discovered:
D:1:      wander_arrival_lonely_grave, layout_loops_ring,
          shapermc_ecumenical_altar_petra, minmay_small_reverse_x
D:2:      layout_loops_cross
D:3:      layout_basic, slow_altar_1, uniq_natasha
D:4:      layout_basic, fedhas_altar_3, nicolae_wu_jian_wuxing_cycle,
          minivault_26, serial_bayou_pond_d
D:5:      cheibrodos_iron_armory, layout_basic, serial_shops, shop_statue,
          nicolae_diamond_shop, shop, chequers_garden, bh_walls_and_bars
D:6:      layout_gridville, minmay_temple_entry_junction,
          minmay_stone_trees_small, uniq_grinder
D:7:      layout_basic, lemuel_doored_altar, cheibrodos_ashenzari_chains,
          serial_co_window_serial, co_window_paths_a, co_window_corner_a,
          co_window_corner_a, co_window_of_opportunity_a, co_window_corner_a,
          co_window_corner_a, co_window_of_opportunity_a, co_window_cross_4,
          co_window_2corner, co_window_broadway_c, co_window_of_opportunity_b,
          co_window_broadway_a, glass_columns_a, glass_columns_b,
          glass_columns_a, glass_columns_b, glass_columns_a, uniq_harold
D:8:      layout_basic, kennysheep_okawaru_gauntlet, lemuel_round_altar,
          serial_shops, nicolae_shop_statue_plus
D:9:      layout_stronghold, david_orc_3, uniq_maggie
Temple:   regret_index_temple_generic_petals

Notes
Turn   | Place    | Note
-------+----------+-------------------------------------------
     0 | D:1      | Irenicus the Deep Dwarf Earth Elementalist began the quest
                  | for the Orb.
     0 | D:1      | Reached XP level 1. HP: 15/15 MP: 3/3
   140 | D:1      | Reached XP level 2. HP: 16/22 MP: 0/4
   182 | D:1      | Reached skill level 5 in Earth Magic
   273 | D:1      | Found a faded altar of an unknown god.
   413 | D:1      | Reached XP level 3. HP: 19/28 MP: 0/5
   589 | D:2      | Reached skill level 2 in Spellcasting
   640 | D:2      | Reached skill level 6 in Earth Magic
   771 | D:2      | Learned a level 2 spell: Passwall
  1032 | D:3      | Reached XP level 4. HP: 23/36 MP: 5/7
  1127 | D:3      | Found a snail-covered altar of Cheibriados.
  1173 | D:3      | Noticed Natasha
  1181 | D:3      | Killed Natasha
  1181 | D:3      | HP: 1/36 [iron imp (8)]
  1182 | D:3      | Reached skill level 7 in Earth Magic
  1203 | D:3      | Reached XP level 5. HP: 12/42 MP: 0/8
  1229 | D:3      | Noticed Natasha
  1233 | D:3      | Killed Natasha
  1339 | D:3      | Reached skill level 8 in Earth Magic
  1506 | D:3      | Noticed Natasha
  1510 | D:3      | Killed Natasha
  1548 | D:4      | Identified a potion of resistance
  1618 | D:4      | Found a blossoming altar of Fedhas.
  1626 | D:4      | Noticed a black bear
  1641 | D:5      | Entered Level 5 of the Dungeon
  1655 | D:5      | Reached XP level 6. HP: 10/49 MP: 4/9
  1657 | D:5      | Reached skill level 9 in Earth Magic
  1848 | D:5      | Found Enipluuxoa's Distillery.
  1867 | D:5      | Reached skill level 10 in Earth Magic
  1969 | D:5      | Reached XP level 7. HP: 44/55 MP: 6/10
  2006 | D:5      | Found Jirhutti's Antique Armour Emporium.
  2044 | D:4      | Found an ornate altar of the Wu Jian Council.
  2300 | D:4      | Reached skill level 11 in Earth Magic
  2605 | D:5      | Found Yppuseev's Armour Boutique.
  2613 | D:5      | Bought a +0 cloak of poison resistance for 102 gold pieces
  2677 | D:6      | Reached skill level 12 in Earth Magic
  2741 | D:6      | Found a staircase to the Ecumenical Temple.
  2750 | Temple   | Entered the Ecumenical Temple
  2801 | Temple   | Became a worshipper of Makhleb the Destroyer
  2849 | D:6      | Noticed Grinder
  2851 | D:6      | Paralysed by Grinder for 2 turns
  2854 | D:6      | Killed Grinder
  2855 | D:6      | Reached XP level 8. HP: 28/62 MP: 6/11
  2869 | D:6      | Reached skill level 13 in Earth Magic
  2920 | D:6      | Identified the +1 flail of the End of Times {holy, Dex+3
                  | SInv}
  2938 | D:6      | Reached skill level 14 in Earth Magic
  2964 | D:6      | Reached skill level 1 in Fighting
  2964 | D:6      | Reached skill level 1 in Transmutations
  3007 | D:6      | Reached skill level 2 in Transmutations
  3014 | D:5      | Noticed a rust devil
  3014 | D:5      | Noticed a rust devil
  3073 | D:7      | Reached skill level 3 in Spellcasting
  3129 | D:7      | Found a radiant altar of Vehumet.
  3185 | D:7      | Identified the +4 long sword of Midsummer {holy, rCorr}
  3235 | D:7      | Found a broken altar of Ashenzari.
  3257 | D:7      | Noticed Harold
  3311 | D:7      | Reached * piety under Makhleb
  3364 | D:7      | Reached skill level 4 in Spellcasting
  3364 | D:7      | Gained mutation: You passively map the area around you.
                  | [Deep Dwarf growth]
  3364 | D:7      | Reached XP level 9. HP: 32/70 MP: 11/15
  3371 | D:7      | Learned a level 3 spell: Stone Arrow
  3556 | D:6      | Reached skill level 5 in Spellcasting
  3613 | D:7      | HP: 7/70 [Harold (13)]
  3624 | D:7      | HP: 3/70 [Harold (12)]
  3631 | D:7      | Killed Harold
  3632 | D:7      | Reached skill level 6 in Spellcasting
  3730 | D:8      | Noticed a manticore
  3735 | D:8      | Killed a manticore
  3736 | D:8      | Reached skill level 7 in Spellcasting
  3841 | D:8      | Found an iron altar of Okawaru.
  3971 | D:8      | Reached skill level 1 in Armour
  4033 | D:8      | Found an ancient bone altar of Kikubaaqudgha.
  4195 | D:8      | Reached skill level 2 in Armour
  4195 | D:8      | Reached skill level 3 in Dodging
  4234 | D:8      | Found Zucur's Distillery.
  4238 | D:8      | Bought a potion of heal wounds for 70 gold pieces
  4238 | D:8      | Bought a potion of mutation for 112 gold pieces
  4366 | D:9      | Noticed Maggie
  4394 | D:9      | Slain by an orc warrior

Vanquished Creatures
  Harold (D:7)
  A manticore (D:8)
  Grinder (D:6)
  2 steam dragons
  An orc warrior (D:7)
  4 black bears
  An ice beast (D:6)
  A sky beast (D:7)
  3 ogres
  A centaur (D:8)
  A kobold brigand (D:7)
  A bullfrog (D:7)
  A scorpion (D:7)
  A wyvern skeleton (D:6)
  A water moccasin skeleton (D:5)
  2 howler monkeys
  A centaur zombie (D:5)
  An iron imp (D:3)
  2 hounds
  A jelly (D:6)
  3 bullfrog skeletons (D:5)
  A centaur skeleton (D:5)
  An orc priest (D:7)
  5 iguanas
  Natasha (thrice) (D:3)
  4 orc wizards
  A killer bee zombie (D:8)
  A hound skeleton (D:4)
  A howler monkey zombie (D:8)
  3 gnolls (D:6)
  A howler monkey skeleton (D:6)
  7 adders
  A shadow imp (D:8)
  An ufetubus (D:6)
  2 worms
  5 dart slugs
  22 orcs
  5 ball pythons
  8 endoplasms
  A giant cockroach (D:1)
  9 goblins
  2 hobgoblins
  8 jackals
  5 quokkas
  3 bats (D:1)
  3 frilled lizards
  11 kobolds
  6 rats
151 creatures vanquished.

Vanquished Creatures (others)
  3 fungi
  3 plants (D:4)
6 creatures vanquished.

Grand Total: 157 creatures vanquished

Table legend: (Time is in decaauts)
 A = Elapsed time spent in this place.
 B = Non-inter-level travel time spent in this place.
 C = Inter-level travel time spent in this place.
 D = Time resting spent in this place.
 E = Time spent auto-exploring this place.
 F = Levels seen in this place.
 G = Mean time per level.
                   A        B        C        D        E       F      G
               +--------+--------+--------+--------+--------+-----+--------+
         Total |   4413 |   4413 |      0 |    102 |      0 |  10 |  441.3 |
       Dungeon |   4324 |   4324 |      0 |    102 |      0 |   9 |  480.4 |
        Temple |     88 |     88 |      0 |      0 |      0 |   1 |   88.0 |
               +--------+--------+--------+--------+--------+-----+--------+

Top non-repeatable levels by time:
     D:8: 658 daAuts
     D:7: 656 daAuts
     D:3: 650 daAuts
     D:4: 586 daAuts
     D:5: 548 daAuts
     D:1: 470 daAuts
     D:2: 418 daAuts
     D:6: 316 daAuts
  Temple: 88 daAuts
     D:9: 18 daAuts

Table legend:
 A = Non-vault XP
 B = Vault XP
 C = Vault XP percentage of total XP
 D = Non-vault monster count
 E = Vault monster count
 F = Vault count percentage of total count
                 A         B        C        D         E       F
            +---------+---------+-------+---------+---------+-------
      Total |    4025 |    1258 |  23.8 |     141 |      10 |   6.6
            +---------+---------+-------+---------+---------+-------
        D:1 |      38 |       6 |  13.6 |      20 |       4 |  16.7
        D:2 |      40 |       0 |   0.0 |      19 |       0 |   0.0
        D:3 |     133 |      78 |  37.0 |      14 |       2 |  12.5
        D:4 |     401 |       0 |   0.0 |      24 |       0 |   0.0
        D:5 |     490 |       0 |   0.0 |      13 |       0 |   0.0
        D:6 |    1072 |     281 |  20.8 |      21 |       1 |   4.5
        D:7 |     912 |     889 |  49.4 |      23 |       1 |   4.2
        D:8 |     939 |       4 |   0.4 |       7 |       2 |  22.2
            +---------+---------+-------+---------+---------+-------
